 Dungeon Crawl Stone Soup version 0.32-a0-921-g04a7ad8e02 (webtiles) character file.

Game seed: 17334919337721811617

2712 Drangen the Shooter (level 9, -2/106 HPs)
             Began as a Coglin Hunter on Apr 12, 2024.
             Was a Follower of Okawaru.
             Slain by a killer bee (5 damage)
             ... on level 7 of the Dungeon.
             The game lasted 00:05:23 (5234 turns).

Drangen the Shooter (Coglin Hunter)                 Turns: 5234, Time: 00:05:24

Health: -2/106     AC: 24    Str: 11    XL:     9   Next: 66%
Magic:  9/9        EV:  2    Int:  8    God:    Okawaru [*.....]
Gold:   379        SH:  0    Dex: 23    Spells: 8/8 levels left

rFire   . . .        a - +3 sling {Fernanda}
rCold   . . .        d - +0 sling {Minoru}
rNeg    . . .        p - melded +0 troll leather armour {Pargi}
rPois   +            (helmet currently unavailable)
rElec   .            g - melded +0 cloak
rCorr   .            (gloves currently unavailable)
SInv    .            (boots currently unavailable)
Will    .....        (amulet unavailable)
Stlth   ++++         (ring unavailable)
HPRegen 0.37/turn    (ring unavailable)
MPRegen 0.11/turn    (no gizmo)

%: no passive effects
@: mighty, brilliant, tree-form, invisible, revving
A: stationary, stasis, torment immunity, boosted hp, off-hand wielding, slow
wielding, warmup strikes, no jewellery
a: Invent Gizmo, Renounce Religion, Heroism


You were on level 7 of the Dungeon.
You worshipped Okawaru.
Okawaru was aware of your devotion.
You were a tree.
You visited 1 branch of the dungeon, and saw 7 of its levels.
You also visited: Sewer.

You collected 379 gold pieces.

Inventory:

Hand Weapons
 a - a +3 sling (weapon) {Fernanda}
 d - a +0 sling (offhand) {Minoru}
Armour
 g - a +0 cloak (melded)
 p - a +0 troll leather armour (melded) {Pargi}
Wands
 c - a wand of flame (13)
 n - a wand of polymorph (8)
Scrolls
 b - a scroll of butterflies
 h - a scroll of enchant weapon
 i - 2 scrolls of summoning {unknown}
 k - 3 scrolls of identify
 o - a scroll of teleportation {unknown}
 r - 2 scrolls of blinking
 v - a scroll of noise {unknown}
 w - a scroll of vulnerability {unknown}
Potions
 e - a potion of degeneration
 f - a potion of magic
 l - 2 potions of curing
 t - a potion of mutation {unknown}
 u - 3 potions of haste {unknown}


   Skills:
 + Level 6.7 Fighting
 + Level 7.0 Ranged Weapons
 + Level 6.1 Dodging
 + Level 5.8 Stealth


You had 8 spell levels left.
You didn't know any spells.
Your spell library contained the following spells:

 Spells                   Type           Power      Damage    Failure   Level
 Ensorcelled Hibernation  Hex/Ice        0%         N/A       54%         2
 Scorch                   Fire           0%         2d5       54%         2
 Passwall                 Erth           0%         N/A       78%         3
 Swiftness                Air            0%         N/A       78%         3
 Teleport Other           Tloc           0%         N/A       78%         3
 Flame Wave               Conj/Fire      0%         2d4       99%         4
 Vhi's Electric Charge    Tloc/Air       0%         N/A       99%         4
 Arcjolt                  Conj/Air       0%         1d10      100%        5
 Dispersal                Tloc           0%         N/A       100%        6
 Gell's Gavotte           Tloc           0%         2d(11-16) 100%        6
 Plasma Beam              Fire/Air       0%         2x1d10    100%        6
 Summon Cactus Giant      Summ           Unusable   N/A       N/A         6

Dungeon Overview and Level Annotations

Branches:
Dungeon (7/15)              Sewer (visited)
 Temple: D:4-7

Altars:
Cheibriados
Elyvilon
Gozag
Nemelex Xobeh
Okawaru
Ru
Trog


Innate Abilities, Weirdness & Mutations

You are a tree.
Your roots penetrate the ground, keeping you stationary.
You cannot be teleported.
You are immune to unholy pain and torment.
Your maximum health is greatly increased.
Your equipment is partially melded.
You can wield a second weapon in your off-hand.
It takes a long time for you to wield or remove held weapons.
Your first few attacks do less damage.
You cannot equip rings or amulets.


Message History

The killer bee stings you but does no damage. x2
The killer bee stings you.
* * * LOW HITPOINT WARNING * * *
The killer bee stings you.
* * * LOW HITPOINT WARNING * * *
The killer bee completely misses you.
The killer bee stings you but does no damage.
Your Ranged Weapons skill increases to level 7!
You cannot move.
You shoot a sling bullet.
The sling bullet completely misses the killer bee.
You shoot a sling bullet. The sling bullet misses the killer bee.
You feel sick. The killer bee stings you.
* * * LOW HITPOINT WARNING * * *
The killer bee stings you but does no damage.
The killer bee stings you.
* * * LOW HITPOINT WARNING * * *
The killer bee stings you but does no damage.
It was a potion of brilliance.
You feel clever all of a sudden.
You feel sick.
The killer bee stings you but does no damage. x4
It was a potion of might.
You feel very mighty all of a sudden.
You feel sick. The killer bee stings you.
* * * LOW HITPOINT WARNING * * *
The killer bee stings you but does no damage.
A gnoll comes into view. It is wielding a +2 halberd of flaming.
The killer bee stings you but does no damage. x2
You feel better. The killer bee stings you!
* * * LOW HITPOINT WARNING * * *
The killer bee stings you but does no damage.
A gnoll bouda comes into view. It is wielding a +0 club.
The killer bee stings you but does no damage.
The killer bee stings you.
* * * LOW HITPOINT WARNING * * *
It was a potion of invisibility.
You fade into invisibility!
The killer bee stings you.
You die...

. .. ...###### ........#
#### ...g....###### .##...
#...##...# .....
.##...y♣...# #...
...g....y....####+#####...
...#######....#......##...
.. #...##....#......##...
. #.........#...........
#.........+...........
+.........#...........
#...#######..##..####.
#...##..###..##..####.


You could see a gnoll bouda (unable to see you), 2 killer bees and a gnoll
(unable to see you).

Vanquished Creatures
  Grinder (D:5)
  An orc warrior (D:5)
  Pargi (D:4)
  A crocodile (Sewer)
  An ice beast (D:6)
  A centaur (D:5)
  A phantom (D:6)
  4 kobold brigands (Sewer)
  A bullfrog (D:6)
  A brain worm (Sewer)
  2 scorpions (D:5)
  10 wights
  3 killer bees (D:7)
  A howler monkey (D:5)
  A jelly (D:5)
  An orc priest (D:5)
  2 hounds
  A sleepcap (D:6)
  Crazy Yiuf (D:2)
  Jessica (D:2)
  3 iguanas
  Terence (D:2)
  3 orc wizards
  11 gnolls
  14 adders
  2 river rats (Sewer)
  A shadow imp (D:6)
  2 white imps
  6 ufetubi (D:6)
  4 dart slugs
  20 orcs
  7 endoplasms
  9 giant cockroaches
  4 goblins
  9 hobgoblins
  A jackal (Sewer)
  9 kobolds
  3 quokkas
  7 ball pythons
  8 bats
  3 frilled lizards
  6 rats
169 creatures vanquished.

Notes
Turn   | Place    | Note
-------+----------+-------------------------------------------
     0 | D:1      | Drangen the Coglin Hunter began the quest for the Orb.
     0 | D:1      | Reached XP level 1. HP: 16/16 MP: 1/1
    90 | D:1      | Reached skill level 1 in Stealth
   103 | D:1      | Reached XP level 2. HP: 15/22 MP: 2/2
   234 | D:1      | Reached XP level 3. HP: 28/28 MP: 3/3
   830 | D:2      | Reached skill level 4 in Ranged Weapons
   862 | D:2      | Reached XP level 4. HP: 34/34 MP: 4/4
   953 | D:2      | Noticed Terence
   962 | D:2      | Killed Terence
  1082 | D:2      | Found a runed translucent door.
  1083 | D:2      | Noticed Crazy Yiuf
  1171 | D:2      | Identified the beast talisman of Howling Wind {*Corrode
                  | Str+7}
  1317 | D:2      | Noticed Jessica
  1323 | D:2      | Killed Jessica
  1324 | D:2      | Reached XP level 5. HP: 36/41 MP: 5/5
  1542 | D:2      | Killed Crazy Yiuf
  2221 | D:4      | Found a bloodstained altar of Trog.
  2230 | D:4      | Reached XP level 6. HP: 47/47 MP: 6/6
  2628 | D:4      | Found a sparkling altar of Nemelex Xobeh.
  2629 | D:4      | Found a sacrificial altar of Ru.
  2629 | D:4      | Noticed Pargi
  2637 | D:4      | Killed Pargi
  2638 | D:4      | Reached XP level 7. HP: 28/53 MP: 7/7
  2874 | D:4      | Found an opulent altar of Gozag.
  2918 | D:4      | Reached skill level 5 in Ranged Weapons
  3105 | D:4      | Found a snail-covered altar of Cheibriados.
  3199 | D:5      | Entered Level 5 of the Dungeon
  3291 | D:5      | Reached XP level 8. HP: 17/61 MP: 8/8
  3343 | D:5      | Noticed Grinder
  3356 | D:5      | Killed Grinder
  3357 | D:5      | Reached skill level 5 in Fighting
  3368 | D:5      | Found a white marble altar of Elyvilon.
  3476 | D:5      | Found a glowing drain.
  3578 | Sewer    | Entered a sewer
  3803 | Sewer    | Reached skill level 6 in Ranged Weapons
  3803 | Sewer    | Reached skill level 5 in Dodging
  4002 | Sewer    | Reached skill level 5 in Stealth
  4033 | Sewer    | Reached XP level 9. HP: 51/69 MP: 9/9
  4384 | D:5      | Found an iron altar of Okawaru.
  4398 | D:5      | Became a worshipper of Warmaster Okawaru
  4875 | D:6      | Reached * piety under Okawaru
  5230 | D:7      | Reached skill level 7 in Ranged Weapons
  5231 | D:7      | HP: 5/106 [poisoned by a killer bee]
  5234 | D:7      | Slain by a killer bee

Illustrated notes

Levels and vault maps discovered:
D:1:      psy_arrival_spokes, layout_basic,
          nicolae_concentric_dashed_squares_wild, minmay_misc_feat_tiny,
          minmay_misc_feat_rugged, minmay_misc_feat_hallway
D:2:      layout_loops_ring, uniq_jessica, uniq_terence, uniq_crazy_yiuf_cottage
D:3:      layout_loops_ring, minmay_misc_feat_chi
D:4:      layout_loops_ring, nicolae_overflow_crystal_walls,
          nicolae_gozag_cash_rules_everything_around_me, lemuel_round_altar,
          chequers_temple_overflow_statue_of_worship, uniq_pargi
D:5:      layout_cave_pools, mainiacjoe_overflow_catwalk,
          mainiacjoe_overflow_six_doors_small, portal_sewer_entry_e,
          uniq_grinder
D:6:      layout_cave_pools
D:7:      layout_gridville, minmay_temple_entry_mist, eino_tiny_chamber

Skill      XL: |  1  2  3  4  5  6  7  8  9 |
---------------+----------------------------+-----
Stealth        | 1 2 3 5 |  5.8
Dodging        | 2 3 4 5 6 |  6.1
Ranged Weapons | 4 5 6 7 |  7.0
Fighting       | 3 4 5 6 |  6.7

Action                     |  1- 3 |  4- 6 |  7- 9 || total
---------------------------+-------+-------+-------++-------
  Melee: Sling             |       |       |    10 ||    10
   Fire: Sling             |   158 |   240 |   616 ||  1014
    Use: Potion            |       |     2 |     8 ||    10
         Scroll            |       |     2 |     3 ||     5
 Armour: Leather armour    |    16 |    35 |       ||    51
         Troll leather arm |       |       |    79 ||    79
         Skin              |       |       |    53 ||    53
  Dodge: Dodged            |    10 |    38 |   108 ||   156

Table legend: (Time is in decaauts)
 A = Elapsed time spent in this place.
 B = Non-inter-level travel time spent in this place.
 C = Inter-level travel time spent in this place.
 D = Time resting spent in this place.
 E = Time spent auto-exploring this place.
 F = Levels seen in this place.
 G = Mean time per level.
                   A        B        C        D        E       F      G
               +--------+--------+--------+--------+--------+-----+--------+
         Total |   5546 |   5400 |    146 |     22 |   4395 |   8 |  693.2 |
       Dungeon |   4696 |   4550 |    146 |     22 |   3703 |   7 |  670.9 |
         Sewer |    850 |    850 |      0 |      0 |    691 |   1 |  850.0 |
               +--------+--------+--------+--------+--------+-----+--------+

Top non-repeatable levels by time:
     D:4: 1016 daAuts
     D:2: 949 daAuts
   Sewer: 850 daAuts
     D:5: 760 daAuts
     D:1: 733 daAuts
     D:3: 572 daAuts
     D:6: 534 daAuts
     D:7: 129 daAuts
